 Dungeon Crawl Stone Soup version 0.30-a0-476-g330ca2eb8e (webtiles) character file.

Game seed: 8455287342000793535

49 Raultor the Insei (level 3, 0/21 (23) HPs)
             Began as an Octopode Transmuter on Dec 21, 2022.
             Slain by Terence
             ... wielding a +0 mace of draining
              (6 damage)
             ... on level 3 of the Dungeon.
             The game lasted 00:02:58 (1573 turns).

Raultor the Insei (Octopode Transmuter)             Turns: 1573, Time: 00:02:59

HP:   0/21 (23)     AC:  1    Str:  9    XL:     3   Next: 75%
MP:   5/6           EV: 13    Int: 17    God:
Gold: 97            SH:  0    Dex: 12    Spells: 0/6 levels left

rFire   . . .      SeeInvis .      - Unarmed
rCold   . . .      Faith    .    (no shield)
rNeg    . . .      Spirit   .    (helmet currently unavailable)
rPois   .          Reflect  .    (no amulet)
rElec   .          Harm     .    R - ring of resist corrosion
rCorr   +          Rampage  .    (no ring)
Will    .....                    (no ring)
Stlth   ++........               (no ring)
HPRegen 0.23/turn                (no ring)
MPRegen 0.10/turn                (no ring)
                                 (no ring)
                                 (no ring)

@: appendages, drained
A: tentacle spike 3, almost no armour, amphibious, 8 rings, camouflage 1,
gelatinous body 1, (nimble swimmer 1), tentacles
a: End Transformation


You were on level 3 of the Dungeon.
One of your tentacles had grown a beastly spike.
You visited 1 branch of the dungeon, and saw 3 of its levels.

You collected 139 gold pieces.
You spent 42 gold pieces at shops.


Innate Abilities, Weirdness & Mutations

One of your tentacles has grown a beastly spike.
You cannot wear most types of armour.
You are amphibious.
You can wear up to eight rings at the same time.
Your skin changes colour to match your surroundings (Stealth+).
Your rubbery body absorbs attacks. (AC +1, EV +1)
((You are camouflaged when in or above water. (Stealth+)))
You have tentacles for arms and can constrict up to eight enemies at once.


   Skills:
 + Level 1.0 Fighting
 - Level 2.0 Dodging
 + Level 3.0 Unarmed Combat
 - Level 2.0 Spellcasting
 * Level 0.2 Hexes
 * Level 3.0 Transmutations
 * Level 2.1 Ice Magic


You couldn't memorise any spells.
You knew the following spells:

 Your Spells              Type           Power      Damage    Failure   Level
b - Beastly Appendage     Tmut           24%        N/A       5%          1
d - Tukima's Dance        Hex            2%         N/A       45%         3
w - Wereblood             Tmut           12%        N/A       9%          2

Your spell library contained the following spells:

 Spells                   Type           Power      Damage    Failure   Level
 Spider Form              Tmut/Pois      6%         N/A       30%         3
 Portal Projectile        Hex/Tloc       4%         N/A       50%         3
 Ice Form                 Ice/Tmut       10%        N/A       54%         4
 Blade Hands              Tmut           6%         N/A       83%         5

Inventory:

Jewellery
 R - a ring of resist corrosion (left tentacle)
Scrolls
 b - 4 scrolls of enchant armour {unknown}
 c - a scroll of blinking {unknown}
 e - a scroll of fear {unknown}
 g - a scroll of teleportation {unknown}
 h - 3 scrolls of identify {unknown}
 i - a scroll of amnesia {unknown}
 j - a scroll of enchant weapon {unknown}
Potions
 a - 4 potions of lignification
 d - 3 potions of curing {@q1}
 f - a potion of mutation {unknown}

Dungeon Overview and Level Annotations

Branches:
Dungeon (3/15)

Altars:

Shops:
D:1 !

Annotations:
D:3 Terence

######## #.......
#.###### #.#...#
#..######### #.#.#.#
......@@..>######.#.#.#
#..#######.#......#<#.#
#.#.########.#
#.#^.......).#
#.#############
▒.......†......
▒.############# ▒.# ▒.#


You could see Terence.


Message History

Terence is lightly wounded.
You constrict Terence. Terence barely misses you.
You tentacle-slap Terence but do no damage.
Terence is lightly wounded.
You constrict Terence, but do no damage.
Terence hits you with a +0 mace of draining!
You feel drained.
You tentacle-slap Terence. You squeeze Terence.
Terence is heavily wounded.
You constrict Terence, but do no damage.
Terence barely misses you.
You tentacle-slap Terence but do no damage.
You pierce Terence.
Terence is heavily wounded.
You constrict Terence, but do no damage.
Terence barely misses you.
You tentacle-slap Terence but do no damage.
You pierce Terence, but do no damage.
Terence is heavily wounded.
You constrict Terence.
Terence hits you with a +0 mace of draining.
* * * LOW HITPOINT WARNING * * *
You feel drained.
* * * LOW HITPOINT WARNING * * *
You tentacle-slap Terence but do no damage.
You pierce Terence, but do no damage.
Terence is severely wounded.
You constrict Terence.
Terence hits you with a +0 mace of draining.
You die...

Skill      XL: |  1  2  3 |
---------------+----------+-----
Ice Magic      | 1 2 |  2.1
Transmutations | 3 |  3.0
Fighting       | |  1.0
Dodging        | |  2.0
Unarmed Combat | |  3.0
Spellcasting   | |  2.0
Hexes          | |  0.2

Action                   || total
-------------------------++-------
Melee: Unarmed           ||    90
       Constrict         ||    19
       Tentacles         ||    15
       Kick              ||     8
       Punch             ||     2
 Cast: Beastly Appendage ||     4
 Stab: Sleeping          ||     7
       Distracted        ||     1
Armor: Skin              ||     2
Dodge: Dodged            ||    48

Levels and vault maps discovered:
D:1:      wheals_arrival_shading, layout_rooms, serial_shops, shop_fountains,
          chequers_ecumenical_altar_simple_redux, wad_floor_pattern_untrapped,
          serial_park_tiny_2
D:2:      wad_lake_hut, layout_loops_ring,
          nicolae_concentric_dashed_squares_wild
D:3:      layout_basic, mainiacjoe_overflow_surrounded_room,
          gammafunk_ghost_cemetery, uniq_terence

Notes
Turn   | Place    | Note
-------+----------+-------------------------------------------
     0 | D:1      | Raultor the Octopode Transmuter began the quest for the
                  | Orb.
     0 | D:1      | Reached XP level 1. HP: 13/13 MP: 3/3
   147 | D:1      | Found a faded altar of an unknown god.
   155 | D:1      | Reached skill level 1 in Ice Magic
   155 | D:1      | Reached XP level 2. HP: 13/18 MP: 5/5
   205 | D:1      | Found Wehisi's Distillery.
   210 | D:1      | Bought a potion of curing for 42 gold pieces
   712 | D:2      | Reached XP level 3. HP: 23/23 MP: 4/6
  1059 | D:2      | Reached skill level 3 in Transmutations
  1059 | D:2      | Reached skill level 2 in Ice Magic
  1062 | D:2      | Learned a level 2 spell: Wereblood
  1420 | D:2      | Learned a level 3 spell: Tukima's Dance
  1562 | D:3      | Noticed Terence
  1573 | D:3      | Slain by Terence

Vanquished Creatures
  An adder (D:2)
  4 endoplasms
  A giant cockroach (D:2)
  2 goblins
  9 hobgoblins
  4 jackals (D:2)
  2 kobolds (D:2)
  A quokka (D:2)
  3 ball pythons
  4 frilled lizards
  4 rats
35 creatures vanquished.

Vanquished Creatures (others)
  8 plants (D:2)
8 creatures vanquished.

Grand Total: 43 creatures vanquished

Table legend: (Time is in decaauts)
 A = Elapsed time spent in this place.
 B = Non-inter-level travel time spent in this place.
 C = Inter-level travel time spent in this place.
 D = Time resting spent in this place.
 E = Time spent auto-exploring this place.
 F = Levels seen in this place.
 G = Mean time per level.
                   A        B        C        D        E       F      G
               +--------+--------+--------+--------+--------+-----+--------+
         Total |   1567 |   1510 |     57 |      0 |   1238 |   3 |  522.3 |
       Dungeon |   1567 |   1510 |     57 |      0 |   1238 |   3 |  522.3 |
               +--------+--------+--------+--------+--------+-----+--------+

Top non-repeatable levels by time:
     D:2: 954 daAuts
     D:1: 503 daAuts
     D:3: 108 daAuts

Table legend:
 A = Non-vault XP
 B = Vault XP
 C = Vault XP percentage of total XP
 D = Non-vault monster count
 E = Vault monster count
 F = Vault count percentage of total count
                 A         B        C        D         E       F
            +---------+---------+-------+---------+---------+-------
      Total |      70 |       0 |   0.0 |      35 |       0 |   0.0
            +---------+---------+-------+---------+---------+-------
        D:1 |      14 |       0 |   0.0 |       9 |       0 |   0.0
        D:2 |      50 |       0 |   0.0 |      23 |       0 |   0.0
        D:3 |       6 |       0 |   0.0 |       3 |       0 |   0.0
            +---------+---------+-------+---------+---------+-------
